 Dungeon Crawl Stone Soup version 0.19-a0-1206-g6bcb79c (webtiles) character file.

673 Duffy the Grappler (level 7, 0/62 HPs)
             Began as a Naga Monk on Aug 21, 2016.
             Slain by Grinder (2 damage)
             ... on level 5 of the Dungeon.
             The game lasted 00:05:29 (4895 turns).

Duffy the Grappler (Naga Monk)                      Turns: 4895, Time: 00:05:30

Health: 0/62       AC:  9    Str: 15    XL:     7   Next: 59%
Magic:  7/7        EV:  5    Int: 11    God:
Gold:   169        SH:  0    Dex: 13    Spells: 0 memorised, 6 levels left

rFire  . . .     SeeInvis +       - Unarmed
rCold  . . .     Gourm    .     j - +0 chain mail
rNeg   . . .     Faith    .     (no shield)
rPois  +         Spirit   .     (no helmet)
rElec  .         Dismiss  .     d - +1 cloak
rCorr  .         Reflect  .     h - +0 pair of gloves
MR     .....     Harm     .     (no barding)
Stlth  ..........               (no amulet)
                                (no ring)
                                (no ring)

@: very slow
A: see invisible, deformed body, poison resistance, slowness 2, slow metabolism
1, spit poison 2, AC +2
a: Spit Poison


You were on level 5 of the Dungeon.
You were not hungry.

You visited 1 branch of the dungeon, and saw 5 of its levels.

You collected 169 gold pieces.

Inventory:

Armour
 c - the +0 scale mail of Listlessness {+Blink rElec rC- rN++}
   (You found it on level 4 of the Dungeon)

   It makes you vulnerable to cold.
   It insulates you from electricity.
   It greatly protects you from negative energy.
   It lets you blink.
 d - a +1 cloak (worn)
 h - a +0 pair of gloves (worn)
 j - a +0 chain mail (worn)
 p - a +0 scale mail
Scrolls
 e - a scroll of enchant weapon
 f - 2 scrolls of identify
 i - 2 scrolls of remove curse
 k - a scroll of random uselessness {unknown}
 l - a scroll of noise {unknown}
 m - a scroll of blinking {unknown}
 n - a scroll of magic mapping
 o - 2 scrolls of fog
 q - a scroll of enchant armour {unknown}
 s - a scroll of amnesia {unknown}
Potions
 g - a potion of degeneration {unknown}
 u - a potion of flight
Comestibles
 a - 2 beef jerkies
 b - 5 bread rations


   Skills:
 - Level 3.0 Fighting
 - Level 2.4 Dodging
 - Level 3.0 Stealth
 + Level 8.6 Unarmed Combat


You had 6 spell levels left.
You didn't know any spells.

Dungeon Overview and Level Annotations

Branches:
Dungeon (5/15)
 Temple: D:4-7

Altars:

Annotations:
D:5 Grinder


Innate Abilities, Weirdness & Mutations

You cannot wear boots.
Your serpentine skin is tough. (AC +2)
You have supernaturally acute eyesight. (SInv)
Armour fits poorly on your strangely shaped body.
Your system is resistant to poisons. (rPois)
You cover ground very slowly.
You have a slow metabolism.
You can spit poison.


Message History

You are too injured to fight recklessly!
You are too injured to fight recklessly!
You are too injured to fight recklessly!
You are too injured to fight recklessly!
You are too injured to fight recklessly!
Your chain mail prevents you from hitting Grinder.
Grinder is moderately wounded.
Grinder hits you but does no damage. The adder bites you but does no damage.
You hit Grinder.
Grinder is moderately wounded.
The adder bites you but does no damage.
Grinder says, "Mostly I couldn't keep them alive."
Grinder hits you!
You hit Grinder.
Grinder is heavily wounded.
The adder bites you. Grinder hits you!
You writhe in agony.
You hit Grinder but do no damage.
Grinder is heavily wounded.
The adder completely misses you. Grinder hits you.
You writhe in agony.
You die...

#. #.....##.#....
....#+# #.######......
....... #...........##
.......######........##
#.....+......#.####.#
#.....######.#.# #.#
#..... ###.#.# #.###
.#....5####.....####....
.......@S...............
.#.##...<##.#+######.###
#.#####(.....# #.# #.
#......# #.# # ......).#
#.# ..........# #.#
.................
.........########
########.#


You could see Grinder and an adder.

Vanquished Creatures
  Edmund (D:4)
  The ghost of Duffy the Twirler, an amateur CeGl of Makhleb (D:3)
  A centaur (D:5)
  A scorpion (D:4)
  A giant frog zombie (D:5)
  A centaur zombie (D:5)
  A gnoll shaman (D:4)
  2 worker ants
  6 adders
  2 gnolls (D:4)
  An ooze (D:1)
  8 giant geckos
  10 orcs
  A ball python (D:4)
  7 giant cockroaches
  11 goblins
  10 hobgoblins
  6 jackals
  13 kobolds
  4 quokkas
  6 bats
  6 giant newts
  8 rats
108 creatures vanquished.

Vanquished Creatures (others)
  2 plants (D:2)
2 creatures vanquished.

Grand Total: 110 creatures vanquished

Notes
Turn   | Place    | Note
-------+----------+-------------------------------------------
     0 | D:1      | Duffy the Naga Monk began the quest for the Orb.
     0 | D:1      | Reached XP level 1. HP: 21/21 MP: 1/1
   199 | D:1      | Reached XP level 2. HP: 21/28 MP: 2/2
   459 | D:1      | Reached skill level 4 in Unarmed Combat
   487 | D:1      | Reached XP level 3. HP: 16/34 MP: 3/3
  1047 | D:1      | You fall through a shaft!
  1280 | D:3      | Noticed Duffy's ghost (amateur CeGl)
  1780 | D:3      | HP: 2/51 [Duffy's ghost (10)]
  1785 | D:3      | Killed Duffy's ghost
  1785 | D:3      | Reached skill level 5 in Unarmed Combat
  1785 | D:3      | Reached XP level 4. HP: 2/42 MP: 4/4
  1785 | D:3      | Reached XP level 5. HP: 2/49 MP: 5/5
  2151 | D:2      | Reached skill level 6 in Unarmed Combat
  3188 | D:3      | Reached XP level 6. HP: 54/56 MP: 6/6
  3695 | D:4      | Got a bloodstained scale mail
  3706 | D:4      | Identified the +0 scale mail of Listlessness {+Blink rElec rC- rN++} (You found it on level 4 of the Dungeon)
  3744 | D:4      | Reached skill level 7 in Unarmed Combat
  3918 | D:4      | Noticed Edmund
  3952 | D:4      | Killed Edmund
  3952 | D:4      | Reached XP level 7. HP: 24/62 MP: 7/7
  4193 | D:4      | Reached skill level 8 in Unarmed Combat
  4295 | D:4      | Noticed a yak
  4295 | D:4      | Noticed a yak
  4297 | D:4      | Noticed a yak
  4572 | D:5      | Entered Level 5 of the Dungeon
  4870 | D:5      | Noticed Grinder
  4874 | D:5      | Paralysed by Grinder for 2 turns
  4895 | D:5      | HP: 2/62 [Grinder (3)]
  4895 | D:5      | Slain by Grinder

Vault maps used:
D:1:      lightli_arrival_isolated_outpost, serial_forest,
          infiniplex_forest_corner_2, infiniplex_forest_straight_4,
          infiniplex_forest_straight_2, infiniplex_forest_pool,
          infiniplex_forest_lined_3, infiniplex_forest_3_way, minivault_23,
          minmay_heptomino_o4
D:2:      wad_woods_pond
D:3:      kennysheep_generic_room_11
D:4:      nemelex_altar_shiori, uniq_edmund
D:5:      first_bread, minmay_misc_feat_four_crosses, grunt_ministairs_10,
          uniq_crazy_yiuf_cottage, uniq_grinder

Skill      XL: |  1  2  3  4  5  6  7 |
---------------+----------------------+-----
Unarmed Combat | 4 5 6 7 8 |  8.6
Fighting       | |  3.0
Dodging        | |  2.4
Stealth        | |  3.0

Action                   |  1- 3 |  4- 6 |  7- 9 || total
-------------------------+-------+-------+-------++-------
Melee: Unarmed           |   139 |   212 |    78 ||   429
       Punch             |     4 |     8 |     1 ||    13
 Abil: Spit Poison       |     8 |     3 |     5 ||    16
  Use: Potion            |     5 |     1 |     2 ||     8
       Scroll            |       |     4 |     4 ||     8
 Stab: Sleeping          |     4 |     1 |       ||     5
  Eat: Chunk             |     2 |     7 |     3 ||    12
Armor: Robe              |     3 |       |       ||     3
       Leather armour    |    46 |       |       ||    46
       Scale mail        |     3 |    97 |       ||   100
       Chain mail        |       |       |    37 ||    37
Dodge: Dodged            |    81 |    99 |     9 ||   189
